 Dungeon Crawl Stone Soup version 0.22.0-38-g04b72b8c25 (webtiles) character file.

4088 Riddle the Cleaver (level 10, -2/81 HPs)
             Began as a Gnoll Chaos Knight on Aug 30, 2018.
             Killed by the air
             ... invoked by Gastronok
              (16 damage)
             ... on level 8 of the Dungeon.
             The game lasted 00:32:36 (6951 turns).

Riddle the Cleaver (Gnoll Chaos Knight)             Turns: 6951, Time: 00:32:37

Health: -2/81      AC: 15    Str: 18    XL:     10   Next: 26%
Magic:  17/17      EV: 10    Int: 17    God:    Xom [..*...]
Gold:   444        SH:  5    Dex: 16    Spells: 19/19 levels left

rFire    + . .     SeeInvis .   a - +0 hand axe (chaos)
rCold    . . .     Gourm    .   F - +0 buckler
rNeg     . . .     Faith    +   z - +3 chain mail
rPois    .         Spirit   .   C - +0 hat
rElec    .         Reflect  .   (no cloak)
rCorr    .         Harm     .   (no gloves)
MR       .....                  (no boots)
Stlth    +.........             w - amulet of faith
HPRegen  0.23/turn              D - ring of stealth
MPRegen  0.15/turn              B - ring of protection from fire

@: slowed, very slow
A: distributed training, fangs 1, horns 2, molten scales 1, agile 1, clever 1,
mutation resistance 1, wild magic 1, strong nose
a: Renounce Religion


You were on level 8 of the Dungeon.
You worshipped Xom.
You were a toy of Xom.
You were not hungry.

You visited 1 branch of the dungeon, and saw 8 of its levels.

You collected 444 gold pieces.

Inventory:

Hand Weapons
 a - a +0 hand axe of chaos (weapon)
 J - a +4 arbalest of freezing
Missiles
 n - 5 needles of frenzy
 A - 2 needles of confusion
Armour
 z - a +3 chain mail (worn)
 C - a +0 hat (worn)
 F - a +0 buckler (worn)
Jewellery
 w - an amulet of faith (around neck)
 x - an uncursed ring of magical power
 B - a ring of protection from fire (right hand)
 D - a ring of stealth (left hand)
 L - an uncursed ring of protection from fire
 M - an uncursed amulet of magic regeneration {unknown}
 N - an uncursed amulet of the gourmand
 O - an uncursed ring of protection from cold
Wands
 k - a wand of random effects (57)
 v - a wand of polymorph (13)
 y - a wand of clouds (5)
 K - a wand of flame (13)
Scrolls
 b - a scroll of magic mapping {unknown}
 e - 3 scrolls of enchant armour {unknown}
 f - 4 scrolls of amnesia {unknown}
 g - 4 scrolls of teleportation
 i - 3 scrolls of blinking {unknown}
 o - a scroll of fog {unknown}
 E - 2 scrolls of identify
 G - 2 scrolls of enchant weapon {unknown}
 H - 2 scrolls of remove curse {unknown}
Potions
 d - 2 potions of degeneration {unknown}
 h - 2 potions of agility {unknown}
 j - a potion of haste {unknown}
 l - a potion of curing {unknown}
 m - 2 potions of berserk rage {unknown}
 p - a potion of magic {unknown}
 q - a potion of resistance {unknown}
 r - a potion of might
 s - a potion of flight {unknown}
 t - 2 potions of heal wounds
 u - 2 potions of brilliance {unknown}
 I - a potion of invisibility {unknown}
Comestibles
 c - 13 rations


   Skills:
 + Level 8.3 Fighting
 + Level 5.0 Short Blades
 + Level 5.0 Long Blades
 + Level 8.3 Axes
 + Level 5.0 Maces & Flails
 + Level 5.0 Polearms
 + Level 5.0 Staves
 + Level 5.0 Slings
 + Level 5.0 Bows
 + Level 5.0 Crossbows
 + Level 5.0 Throwing
 + Level 6.9 Armour
 + Level 5.7 Dodging
 + Level 5.0 Stealth
 + Level 5.0 Shields
 + Level 5.0 Unarmed Combat
 + Level 5.0 Spellcasting
 + Level 4.1 Conjurations
 + Level 4.1 Hexes
 + Level 4.1 Charms
 + Level 4.1 Summonings
 + Level 4.1 Necromancy
 + Level 4.1 Translocations
 + Level 4.1 Transmutations
 + Level 4.1 Fire Magic
 + Level 4.1 Ice Magic
 + Level 4.1 Air Magic
 + Level 4.1 Earth Magic
 + Level 4.1 Poison Magic
 + Level 5.5 Invocations
 + Level 5.0 Evocations


You had 19 spell levels left.
You didn't know any spells.
Your spell library contained the following spells:

 Spells                   Type           Power        Failure   Level  Hunger
 Recall                   Summ/Tloc      N/A          69%         3    ###....
 Animate Dead             Necr           N/A          97%         4    ####...
 Borgnjor's Vile Clutch   Necr/Erth      ###.......   100%        5    ######.
 Death Channel            Necr           ###.......   100%        6    #######
 Simulacrum               Ice/Necr       ###.......   100%        6    #######


Dungeon Overview and Level Annotations

Branches:
Dungeon (8/15)             Temple (0/1) D:4
   Lair: D:8-11

Altars:
Ashenzari
Fedhas
Gozag
Hepliaklqana
Ru
Trog
Xom
The Shining One

Shops:
D:7 }   D:8 }

Annotations:
D:8 Gastronok


Innate Abilities, Weirdness & Mutations

Your experience applies equally to all skills.
You have very sharp teeth.
Your uncanny sense of smell can sniff out nearby items.
You have a pair of horns on your head.
You are partially covered in molten scales. (AC +2)
You are agile. (Dex +2)
Your mind is acute. (Int +2)
You are somewhat resistant to further mutation.
Your spells are a little harder to cast, but a little more powerful.


Message History

The jackal bites you but does no damage.
You block the jackal's attack. "Serve the mortal, my children!"
You are now a toy of Xom.
The jackal bites your iron imp but does no damage. x2
The jackal bites your iron imp but does no damage.
The jackal bites your iron imp.
Your crimson imp blinks!
Your iron imp hits the jackal.
Gastronok bites your iron imp!!!
Your iron imp dies!
You swap places.
Your crimson imp hits Gastronok.
The jackal bites your ynoxinul.
Your ynoxinul closely misses the jackal.
Your crimson imp hits Gastronok.
The jackal barely misses your ynoxinul.
The jackal closely misses your ynoxinul.
Gastronok waves his eye-stalks in wide circles.
The air twists around and strikes you!
You die...
Xom roars with laughter!

..# ... ∆ #.# #..#
#.# #..# #.# #..# #.#
#..# #.# #..#
#####.#########..# ∆
#..>@............####
∆
#.###5######.........
#.# #3# ##.##.####
#.# #h#######.##.#
#.# #.w..........#
#.###5#.#####.####
#.##.###.####.#
#.#.##........##
.#####.##.#.#.#.....#


You could see Gastronok, a jackal, a friendly ynoxinul, a friendly crimson imp
and a friendly ufetubus.

Vanquished Creatures
  Grinder (D:5)
  Eustachio (D:4)
  A water moccasin (D:8)
  5 ice beasts
  An orc warrior (D:5)
  3 ogres
  2 sky beasts (D:8)
  A phantom (D:8)
  A big kobold (D:5)
  2 centaurs
  Blork the orc (D:4)
  3 bullfrogs
  A wyvern skeleton (D:8)
  2 scorpions
  3 wights (D:4)
  A crimson imp (D:5)
  2 bullfrog zombies
  3 hounds
  2 orc priests
  4 orc wizards
  2 bullfrog skeletons
  4 iguanas
  Natasha (thrice) (D:2)
  3 worker ants
  Ijyb (D:4)
  A hound skeleton (D:8)
  2 hound zombies
  2 worker ant zombies (D:8)
  A gnoll (D:7)
  10 adders
  2 shadow imps
  An ooze (D:5)
  An adder skeleton (D:5)
  2 worms (D:2)
  A dart slug (D:3)
  3 leopard geckos
  A leopard gecko (shapeshifter) (D:4)
  33 orcs
  6 giant cockroaches
  8 goblins
  8 hobgoblins
  3 jackals (D:4)
  2 quokkas (D:7)
  5 bats
  5 frilled lizards
  A jackal skeleton (D:7)
  7 kobolds
  A leopard gecko skeleton (D:4)
  A leopard gecko zombie (D:8)
  A quokka skeleton (D:5)
  6 rats
  10 plants (D:1)
177 creatures vanquished.

Vanquished Creatures (collateral kills)
  A two-headed ogre (D:8)
  Sigmund (D:2)
  A golden eye (D:7)
  A hungry ghost (D:7)
  A sky beast (D:7)
  A necrophage (D:7)
  A centaur (D:7)
  A bullfrog (D:7)
  An adder (D:7)
  2 gnolls (D:7)
  2 kobolds (D:5)
  2 quokkas (D:7)
  A rat (D:1)
  A plant (D:1)
17 creatures vanquished.

Vanquished Creatures (others)
  A scorpion (D:4)
1 creature vanquished.

Grand Total: 195 creatures vanquished

Notes
Turn   | Place    | Note
-------+----------+-------------------------------------------
     0 | D:1      | Riddle the Gnoll Chaos Knight began the quest for the Orb.
     0 | D:1      | Reached XP level 1. HP: 23/23 MP: 1/1
   170 | D:1      | XOM: divination: magic mapping
   248 | D:1      | Reached XP level 2. HP: 27/29 MP: 2/2
   355 | D:1      | XOM: divination: magic mapping
   428 | D:1      | XOM: mild Erth miscast
   534 | D:2      | XOM: cast spell 'Olgreb's Toxic Radiance'
   536 | D:2      | Reached XP level 3. HP: 31/35 MP: 3/3
   583 | D:2      | Noticed Sigmund
   598 | D:2      | XOM: cast spell 'Summon Hydra'
   601 | D:2      | Killed Sigmund
   601 | D:2      | Reached skill level 1 in Short Blades
   601 | D:2      | Reached skill level 1 in Long Blades
   601 | D:2      | Reached skill level 1 in Maces & Flails
   601 | D:2      | Reached skill level 1 in Polearms
   601 | D:2      | Reached skill level 1 in Staves
   601 | D:2      | Reached skill level 1 in Slings
   601 | D:2      | Reached skill level 1 in Bows
   601 | D:2      | Reached skill level 1 in Crossbows
   601 | D:2      | Reached skill level 1 in Throwing
   601 | D:2      | Reached skill level 1 in Stealth
   601 | D:2      | Reached skill level 1 in Shields
   601 | D:2      | Reached skill level 1 in Unarmed Combat
   601 | D:2      | Reached skill level 1 in Spellcasting
   601 | D:2      | Reached skill level 1 in Conjurations
   601 | D:2      | Reached skill level 1 in Hexes
   601 | D:2      | Reached skill level 1 in Charms
   601 | D:2      | Reached skill level 1 in Summonings
   601 | D:2      | Reached skill level 1 in Necromancy
   601 | D:2      | Reached skill level 1 in Translocations
   601 | D:2      | Reached skill level 1 in Transmutations
   601 | D:2      | Reached skill level 1 in Fire Magic
   601 | D:2      | Reached skill level 1 in Ice Magic
   601 | D:2      | Reached skill level 1 in Air Magic
   601 | D:2      | Reached skill level 1 in Earth Magic
   601 | D:2      | Reached skill level 1 in Poison Magic
   601 | D:2      | Reached skill level 1 in Invocations
   601 | D:2      | Reached skill level 1 in Evocations
   601 | D:2      | Reached XP level 4. HP: 20/41 MP: 3/5
   601 | D:2      | Reached XP level 5. HP: 23/47 MP: 3/6
   837 | D:2      | Noticed Natasha
   843 | D:2      | XOM: scenery: create altars
   844 | D:2      | XOM: fog
   855 | D:2      | Killed Natasha
   934 | D:2      | Noticed Natasha
   961 | D:2      | Killed Natasha
  1000 | D:2      | XOM: god gift: 6 rations
  1054 | D:2      | Noticed Natasha
  1064 | D:2      | XOM: confuse monster(s)
  1065 | D:2      | Killed Natasha
  1065 | D:2      | Reached XP level 6. HP: 8/53 MP: 8/8
  1420 | D:2      | XOM: cloud trail
  1791 | D:3      | XOM: scenery: create altars
  1807 | D:3      | XOM: give mutations
  1807 | D:3      | Gained mutation: You have a pair of small horns on your head. [Xom's grace]
  1807 | D:3      | Gained mutation: You are partially covered in molten scales. (AC +2) [Xom's grace]
  1921 | D:3      | XOM: smoke on damage
  1924 | D:3      | Reached skill level 5 in Armour
  1982 | D:3      | XOM: god gift: 53 gold pieces
  2213 | D:3      | XOM: scenery: create altars
  2246 | D:3      | XOM: harmless Necr miscast
  2440 | D:3      | Found a faded altar of an unknown god.
  2639 | D:4      | XOM: harmless Fire miscast
  2663 | D:4      | Reached XP level 7. HP: 52/59 MP: 10/10
  2667 | D:4      | XOM: smoke on damage
  2673 | D:4      | XOM: potion effect (curing)
  2927 | D:4      | XOM: mild Erth miscast
  2946 | D:4      | Found a staircase to the Ecumenical Temple.
  3093 | D:4      | Noticed Ijyb
  3106 | D:4      | Killed Ijyb
  3246 | D:4      | Noticed Eustachio
  3259 | D:4      | XOM: potion effect (haste)
  3263 | D:4      | XOM: silly message
  3282 | D:4      | XOM: confuse monster(s)
  3287 | D:4      | XOM: mild Ice miscast
  3302 | D:4      | Killed Eustachio
  3419 | D:4      | Noticed Blork the orc
  3425 | D:4      | Killed Blork the orc
  3425 | D:4      | Reached XP level 8. HP: 55/67 MP: 12/12
  3555 | D:4      | XOM: silly message
  3777 | D:5      | Entered Level 5 of the Dungeon
  3792 | D:5      | XOM: confuse monster(s)
  3794 | D:5      | Noticed Grinder
  3795 | D:5      | Paralysed by Grinder for 2 turns
  3803 | D:5      | XOM: polymorph Grinder -> Grinder
  3818 | D:5      | Killed Grinder
  3844 | D:5      | XOM: divination: detect items
  3845 | D:5      | XOM: summons friendly ufetubus
  3954 | D:5      | Found an opulent altar of Gozag.
  4222 | D:5      | XOM: cloud trail
  4284 | D:5      | XOM: enchant monster (bad)
  4286 | D:5      | XOM: confuse monster(s)
  4298 | D:5      | XOM: swap monsters
  4315 | D:5      | XOM: mild Tmut miscast
  4324 | D:5      | XOM: scenery: 2 doors close
  4496 | D:6      | XOM: harmless Hex miscast
  4526 | D:6      | Reached XP level 9. HP: 47/72 MP: 14/14
  4545 | D:6      | XOM: cloud trail
  4641 | D:6      | Found a bloodstained altar of Trog.
  4664 | D:6      | XOM: divination: magic mapping
  4769 | D:6      | XOM: harmless Summ miscast
  4814 | D:6      | Found a hazy altar of Hepliaklqana.
  4843 | D:6      | XOM: summons 9 friendly demons
  4942 | D:6      | XOM: god gift: glowing arbalest {god gift}
  5233 | D:6      | XOM: god gift: book of Unlife
  5320 | D:7      | Noticed Prince Ribbit
  5321 | D:7      | XOM: cast spell 'Disjunction'
  5331 | D:7      | Noticed Prince Ribbit
  5331 | D:7      | Prince Ribbit changed into Prince Ribbit the ice beast
  5331 | D:7      | XOM: polymorph Prince Ribbit -> Prince Ribbit the ice beast
  5347 | D:7      | Killed Prince Ribbit the ice beast
  5347 | D:7      | Reached skill level 5 in Dodging
  5376 | D:7      | XOM: give mutations
  5376 | D:7      | Gained mutation: You evolve. [Xom's grace]
  5376 | D:7      | Gained mutation: Your spells are a little harder to cast, but a little more powerful. [Xom's grace]
  5376 | D:7      | Gained mutation: Your mind is acute. (Int +2) [Xom's grace]
  5392 | D:7      | XOM: harmless Pois miscast
  5579 | D:7      | Found a glowing golden altar of the Shining One.
  5588 | D:7      | Found a shimmering altar of Xom.
  5588 | D:7      | Found a shattered altar of Ashenzari.
  5592 | D:7      | Found a sacrificial altar of Ru.
  5607 | D:7      | XOM: polymorph ice beast -> golden eye
  5642 | D:7      | XOM: confusion
  5652 | D:7      | XOM: cast spell 'Summon Hydra'
  5704 | D:7      | Found Ucviesm's Gadget Shoppe.
  5756 | D:7      | Found a blossoming altar of Fedhas.
  5800 | D:8      | XOM: medium Tloc miscast
  5816 | D:8      | Reached skill level 5 in Invocations
  5894 | D:8      | XOM: scenery: create altars
  5905 | D:8      | XOM: harmless Tloc miscast
  6017 | D:8      | XOM: harmless Ice miscast
  6036 | D:8      | Noticed a two-headed ogre
  6036 | D:8      | XOM: mild Chrm miscast
  6087 | D:8      | XOM: cast spell 'Monstrous Menagerie'
  6090 | D:8      | Killed a two-headed ogre
  6090 | D:8      | Reached XP level 10. HP: 64/80 MP: 15/17
  6144 | D:8      | XOM: scenery: create altars
  6162 | D:8      | HP: 4/80 [something (5)]
  6204 | D:8      | Found Ixtaq's Gadget Boutique.
  6281 | D:8      | XOM: 3-stop teleportation journey
  6307 | D:8      | XOM: cast spell 'Summon Small Mammal'
  6640 | D:8      | Reached skill level 5 in Short Blades
  6640 | D:8      | Reached skill level 5 in Long Blades
  6640 | D:8      | Reached skill level 5 in Maces & Flails
  6640 | D:8      | Reached skill level 5 in Polearms
  6640 | D:8      | Reached skill level 5 in Staves
  6640 | D:8      | Reached skill level 5 in Slings
  6640 | D:8      | Reached skill level 5 in Bows
  6640 | D:8      | Reached skill level 5 in Crossbows
  6640 | D:8      | Reached skill level 5 in Throwing
  6640 | D:8      | Reached skill level 5 in Stealth
  6640 | D:8      | Reached skill level 5 in Shields
  6640 | D:8      | Reached skill level 5 in Unarmed Combat
  6640 | D:8      | Reached skill level 5 in Spellcasting
  6640 | D:8      | Reached skill level 5 in Evocations
  6780 | D:8      | XOM: divination: detect creatures
  6790 | D:8      | XOM: fog
  6829 | D:8      | XOM: summons friendly ufetubus
  6838 | D:8      | XOM: give mutations
  6838 | D:8      | Gained mutation: You have a pair of horns on your head. [Xom's grace]
  6838 | D:8      | Lost mutation: You evolve. [Xom's grace]
  6838 | D:8      | Gained mutation: You are somewhat resistant to further mutation. [Xom's grace]
  6838 | D:8      | Gained mutation: You are agile. (Dex +2) [Xom's grace]
  6882 | D:8      | Noticed Gastronok
  6884 | D:8      | XOM: fog
  6886 | D:8      | XOM: smoke on damage
  6920 | D:8      | HP: 3/81 [Gastronok/the air (20)]
  6920 | D:8      | XOM: butterfly on damage
  6948 | D:8      | XOM: summons 4 friendly demons
  6951 | D:8      | Killed from afar by Gastronok

Skill      XL: |  1  2  3  4  5  6  7  8  9 10 |
---------------+-------------------------------+-----
Short Blades   | 1 2 3 4 5 |  5.0
Long Blades    | 1 2 3 4 5 |  5.0
Maces & Flails | 1 2 3 4 5 |  5.0
Polearms       | 1 2 3 4 5 |  5.0
Staves         | 1 2 3 4 5 |  5.0
Slings         | 1 2 3 4 5 |  5.0
Bows           | 1 2 3 4 5 |  5.0
Crossbows      | 1 2 3 4 5 |  5.0
Throwing       | 1 2 3 4 5 |  5.0
Stealth        | 1 2 3 4 5 |  5.0
Shields        | 1 2 3 4 5 |  5.0
Unarmed Combat | 1 2 3 4 5 |  5.0
Spellcasting   | 1 2 3 4 5 |  5.0
Conjurations   | 1 2 3 4 |  4.1
Hexes          | 1 2 3 4 |  4.1
Charms         | 1 2 3 4 |  4.1
Summonings     | 1 2 3 4 |  4.1
Necromancy     | 1 2 3 4 |  4.1
Translocations | 1 2 3 4 |  4.1
Transmutations | 1 2 3 4 |  4.1
Fire Magic     | 1 2 3 4 |  4.1
Ice Magic      | 1 2 3 4 |  4.1
Air Magic      | 1 2 3 4 |  4.1
Earth Magic    | 1 2 3 4 |  4.1
Poison Magic   | 1 2 3 4 |  4.1
Invocations    | 1 2 3 4 5 |  5.5
Evocations     | 1 2 3 4 5 |  5.0
Dodging        | 3 4 5 |  5.7
Armour         | 5 6 |  6.9
Fighting       | 7 8 |  8.3
Axes           | 7 8 |  8.3

Action                   |  1- 3 |  4- 6 |  7- 9 | 10-12 || total
-------------------------+-------+-------+-------+-------++-------
Melee: Hand axe          |   125 |   153 |   369 |    79 ||   726
       Bite              |    24 |    16 |    42 |     8 ||    90
       Headbutt          |       |    13 |    77 |    22 ||   112
  Use: Scroll            |       |       |     6 |       ||     6
 Stab: Sleeping          |       |     2 |     1 |       ||     3
       Confused          |       |       |     8 |       ||     8
       Paralysed         |       |       |     4 |       ||     4
       Distracted        |       |       |     2 |     1 ||     3
  Eat: Chunk             |       |     6 |    10 |     4 ||    20
Armor: Leather armour    |    13 |    45 |    13 |       ||    71
       Chain mail        |       |       |   137 |    44 ||   181
Dodge: Dodged            |    23 |    84 |   144 |    13 ||   264
Block: Buckler           |       |       |    36 |    16 ||    52
